 Dungeon Crawl Stone Soup version 0.29.1-15-g9cfb28693d (webtiles) character file.

Game seed: 16014552618873789799

42759 Calibrex the Warrior (level 13, -1/187 (190) HPs)
             Began as a Red Draconian Berserker on Mar 23, 2023.
             Was an Elder of Trog.
             Killed from afar by a necromancer (4 damage)
             ... with a bolt of negative energy
             ... on level 15 of the Dungeon on Mar 24, 2023.
             The game lasted 01:05:27 (18649 turns).

Calibrex the Warrior (Red Draconian Berserker)     Turns: 18649, Time: 01:05:28

HP:   -1/187 (190)  AC: 14    Str: 25    XL:     13   Next: 87%
MP:   13/13         EV: 21    Int:  7    God:    Trog [****..]
Gold: 825           SH:  5    Dex: 21    Spells: 12/12 levels left

rFire   + . .      SeeInvis .   p - +6 quarterstaff of Jecoqut {vamp, Dex+8}
rCold   . . .      Faith    .   (shield currently unavailable)
rNeg    + + .      Spirit   .   (body armour unavailable)
rPois   +          Reflect  +   (helmet restricted)
rElec   .          Harm     .   d - +2 cloak
rCorr   +          Rampage  +   A - +1 pair of gloves of the Carved Cockroach {rN+ Slay+4}
Will    .....                   M - +0 pair of boots {rampage}
Stlth   ..........              z - amulet "Icsy" {Reflect rPois rCorr Dex-4 SH+5}
HPRegen 0.41/turn               e - ring of positive energy
MPRegen 0.13/turn               i - +6 ring of dexterity

@: berserking (expiring), lightly drained, very quick
A: breathe fire, AC +8, unfitting armour, fire resistance 1, cold-blooded
a: Breathe Fire, Renounce Religion, Berserk, Trog's Hand, Brothers in Arms


You were on level 15 of the Dungeon.
You worshipped Trog.
Trog was greatly pleased with you.
You visited 1 branch of the dungeon, and saw 15 of its levels.
You also visited: Sewer.

You collected 1183 gold pieces.
You spent 358 gold pieces at shops.

Inventory:

Hand Weapons
 p - the +6 quarterstaff of Jecoqut (weapon) {vamp, Dex+8}
   (You found it on level 5 of the Dungeon)

   It occasionally heals its wielder for a portion of the damage dealt when it
   wounds a living foe.
   Dex:       It affects your dexterity (+8).
 u - a +3 mace
 y - a +1 vorpal halberd
 N - the +2 long sword "Beetleslayer" {vorpal, rPois rCorr}
   (You found it on level 8 of the Dungeon)

   It inflicts extra damage upon your enemies.
   rPois:     It protects you from poison.
   rCorr:     It protects you from acid and corrosion.
 O - a +4 scimitar of flaming
 Q - the +3 trident of Insufficient Pleasure {venom, Fly MP+9}
   (You found it on level 8 of the Dungeon)

   It poisons the flesh of those it strikes.
   MP:        It affects your magic capacity (+9).
   Fly:       It grants you flight.
 Y - a +1 eveningstar of venom
Missiles
 a - 6 atropa-tipped darts
 h - 49 poisoned darts (quivered)
 r - 2 throwing nets
 s - 6 curare-tipped darts
 F - 6 boomerangs
 L - 3 javelins
Armour
 d - a +2 cloak (worn)
 t - the +1 pair of gloves of the Eagle {rElec rC+++ MP-9 Dex+5}
   (You found it on level 9 of the Dungeon)

   Dex:       It affects your dexterity (+5).
   rC:        It renders you almost immune to cold.
   rElec:     It insulates you from electricity.
   MP:        It affects your magic capacity (-9).
 v - a +2 pair of gloves of infusion
 A - the +1 pair of gloves of the Carved Cockroach (worn) {rN+ Slay+4}
   (You found it on level 6 of the Dungeon)

   Slay:      It affects your accuracy & damage with ranged weapons and melee
   (+4).
   rN:        It protects you from negative energy.
 M - a +0 pair of boots of rampaging (worn)
Jewellery
 e - a ring of positive energy (left hand)
 i - a +6 ring of dexterity (right hand)
 n - a ring of ice
 x - an amulet of guardian spirit
 z - the amulet "Icsy" (around neck) {Reflect rPois rCorr Dex-4 SH+5}
   (You found it on level 6 of the Dungeon)

   [amulet of reflection]

   It reflects blocked missile attacks.
   Dex:       It affects your dexterity (-4).
   rPois:     It protects you from poison.
   rCorr:     It protects you from acid and corrosion.
   SH:        It affects your SH (+5).
 R - an amulet of faith
Wands
 w - a wand of light (6)
 C - a wand of flame (32)
 G - a wand of roots (31)
 J - a wand of mindburst (11)
 K - a wand of digging (7)
 W - a wand of paralysis (6)
Scrolls
 c - a scroll of summoning
 f - a scroll of fear
 k - a scroll of torment
 B - 3 scrolls of teleportation
 D - 2 scrolls of enchant weapon
 E - 2 scrolls of immolation
 H - 8 scrolls of identify
 I - 2 scrolls of silence
 P - a scroll of butterflies
 S - 2 scrolls of blinking
Potions
 b - 7 potions of curing
 g - a potion of cancellation {unknown}
 j - 2 potions of lignification
 l - 4 potions of brilliance
 m - a potion of resistance
 o - 3 potions of heal wounds
 q - 5 potions of berserk rage
 T - a potion of mutation {unknown}
 U - a potion of might {unknown}
 V - a potion of attraction {unknown}
 X - a potion of degeneration {unknown}


   Skills:
 + Level 15.3 Fighting
 - Level 6.0(6.2) Axes
 - Level 2.1(9.6) Maces & Flails
 - Level 0.9(9.4) Polearms
 * Level 13.2(13.3) Staves
 + Level 11.9 Dodging
 - Level 0.1 Stealth
 - Level 6.6 Evocations


You had 12 spell levels left.
You didn't know any spells.
Your spell library contained the following spells:

 Spells                   Type           Power      Damage    Failure   Level
 Alistair's Intoxication  Tmut/Pois      0%         N/A       100%        5
 Borgnjor's Vile Clutch   Necr/Erth      0%         N/A       100%        5
 Eringya's Noxious Bog    Tmut/Pois      0%         N/A       100%        6


Dungeon Overview and Level Annotations

Branches:
Dungeon (15/15)            Temple (0/1) D:6            Lair (0/5) D:8
    Orc (0/2) D:10         Vaults (0/5) D:13         Depths (0/4) D:15
  Sewer (visited)

Altars:
Ashenzari
Elyvilon
Fedhas
Makhleb
Ru
Xom
Yredelemnul
Zin
The Shining One

Shops:
D:1 (   D:4 [   D:5 *   D:11 *   D:13 *   D:14 (


Innate Abilities, Weirdness & Mutations

You can breathe blasts of fire.
Your fiery red scales are hard. (AC +8)
You cannot fit into any form of body armour.
Your flesh is heat resistant. (rF+)
You are cold-blooded and may be slowed by cold attacks.


Message History

The quicksilver dragon zombie is severely damaged.
You block the quicksilver dragon zombie's attack. x2
The skeletal warrior misses you. Something hits you but does no damage.
Something closely misses you. The skeletal warrior misses you.
Something barely misses your ogre. The necrophage hits your ogre.
Your ogre dies!
Your ogre's corpse disappears in a puff of smoke!
You are too berserk!
You closely miss the quicksilver dragon zombie.
You tail-slap the quicksilver dragon zombie!
The quicksilver dragon zombie is severely damaged.
The quicksilver dragon zombie bites you but does no damage.
The quicksilver dragon zombie claws you.
* * * LOW HITPOINT WARNING * * *
You bludgeon the quicksilver dragon zombie!!
Your tail-slap misses the quicksilver dragon zombie.
The quicksilver dragon zombie is almost destroyed.
The necromancer casts a spell at you.
The skeletal warrior hits you from afar with a +0 trident.
* * * LOW HITPOINT WARNING * * *
Something hits you.
* * * LOW HITPOINT WARNING * * *
Something closely misses you.
The skeletal warrior closely misses you.
You sock the quicksilver dragon zombie!
You destroy the quicksilver dragon zombie!
Trog accepts your kill.
You completely miss the necrophage. You hit the necrophage.
The necrophage is lightly damaged.
The skeletal warrior hits you from afar with a +0 trident!
* * * LOW HITPOINT WARNING * * *
Something barely misses you. x2
The skeletal warrior completely misses you.
The necrophage barely misses you. The skeletal warrior barely misses you.
The necromancer casts a spell at you.
The bolt of negative energy hits something.
The bolt of negative energy hits you. You partially resist.
You feel drained.
You die...

8.8>....P....#...#
.........P...#...#
8...8P.......#..##
8............#..##+##
.8.........###'###..#
..P...88...#.....#..#
......z8z(.#.....#..+
#.p{...#.....#..# .
#...{@.#....##..#####.
#..zn..#....##..#....#
.#######......+........#....#
..............#........#....#
..............####+##..'....#
........#######....##..#.....
........#..........#####.....
###.....#..........#.........
#.....##'#########........†


You could see 2 skeletal warriors, a necromancer, a necrophage (summoned) and a
wight (summoned).

Vanquished Creatures
  Frances (D:14)
  Louise (D:14)
  Azrael (D:14)
  Josephine (D:14)
  Snorg (D:13)
  A quicksilver dragon zombie (D:15)
  4 hydras
  A boulder beetle (D:14)
  5 centaur warriors
  8 vault guards (D:13)
  An anaconda (D:13)
  Erica (D:8)
  A two-headed ogre (D:10)
  A naga warrior (D:13)
  The ghost of mkat the Envoy of Void, a novice PaAK of Lugonu (D:11)
  A swamp dragon (shapeshifter) (D:14)
  2 deep elf pyromancers
  5 ugly things
  2 cyclopes
  A manticore (D:12)
  Maurice (D:8)
  3 elephants (D:8)
  2 unseen horrors
  A komodo dragon (D:11)
  2 kobold demonologists
  A freezing wraith (D:13)
  A spriggan skeleton (D:15)
  2 trolls
  3 meliai (D:14)
  Grinder (D:3)
  Prince Ribbit (D:8)
  5 slime creatures
  A vampire (D:14)
  A shadow (D:10)
  2 wyverns
  18 yaks
  8 wraiths
  Grum (D:8)
  7 fire elementals (D:14)
  A steam dragon (D:9)
  13 vampire mosquitoes
  4 wargs (D:10)
  3 acid dragons
  A water moccasin (D:6)
  A hell hound (D:14)
  A sky beast (D:7)
  2 ice beasts
  5 orc warriors
  A black bear (D:8)
  6 centaurs
  4 wolves (D:8)
  8 kobold brigands
  4 bullfrogs
  3 necrophages
  2 scorpions
  The ghost of promet the Trooper, a weakling HOFi (D:3)
  5 killer bees (D:7)
  A howler monkey (D:9)
  6 jellies
  3 hounds
  15 orc priests
  2 gnoll boudas
  Natasha (thrice) (D:4)
  5 iguanas
  16 orc wizards
  12 adders
  11 gnolls
  4 river rats (Sewer)
  A white imp (D:5)
  2 ufetubi (D:5)
  8 worms
  A dart slug (D:3)
  43 orcs
  15 ball pythons
  10 endoplasms
  9 goblins
  10 hobgoblins
  27 kobolds
  5 quokkas
  A bat (D:2)
  A frilled lizard (D:1)
  8 rats
385 creatures vanquished.

Vanquished Creatures (collateral kills)
  A boulder beetle (D:12)
  An elephant (D:8)
  A troll (D:8)
  A steam dragon (D:8)
4 creatures vanquished.

Vanquished Creatures (others)
  A wizard (D:14)
  31 plants (D:8)
  A withered plant (D:15)
33 creatures vanquished.

Grand Total: 422 creatures vanquished

Notes
Turn   | Place    | Note
-------+----------+-------------------------------------------
     0 | D:1      | Calibrex the Draconian Berserker began the quest for the
                  | Orb.
     0 | D:1      | Reached XP level 1. HP: 19/19 MP: 1/1
    76 | D:1      | Found a faded altar of an unknown god.
   248 | D:1      | Reached XP level 2. HP: 27/27 MP: 2/2
   498 | D:1      | Found Tawops's Weapon Shoppe.
  1010 | D:2      | Found a glowing golden altar of the Shining One.
  1064 | D:2      | Reached XP level 3. HP: 33/33 MP: 3/3
  1107 | D:2      | Reached skill level 4 in Fighting
  1177 | D:2      | Reached ** piety under Trog
  1723 | D:3      | Found a runed translucent gate.
  1723 | D:3      | Found a runed translucent gate.
  1725 | D:3      | Found a runed translucent gate.
  1725 | D:3      | Noticed promet's ghost (weakling HOFi)
  1791 | D:3      | Found a sacrificial altar of Ru.
  1791 | D:3      | Found a glowing silver altar of Zin.
  1837 | D:3      | Found a glowing drain.
  1870 | Sewer    | Entered a sewer
  2088 | Sewer    | Noticed a kobold brigand
  2104 | Sewer    | Killed a kobold brigand
  2105 | Sewer    | Reached XP level 4. HP: 8/41 MP: 4/4
  2105 | Sewer    | Reached XP level 5. HP: 9/47 MP: 5/5
  2742 | Sewer    | Reached skill level 5 in Fighting
  2817 | Sewer    | Reached XP level 6. HP: 22/56 MP: 6/6
  4143 | D:3      | Reached skill level 5 in Axes
  4292 | D:3      | Noticed Grinder
  4297 | D:3      | Paralysed by Grinder for 3 turns
  4305 | D:3      | Paralysed by Grinder for 2 turns
  4308 | D:3      | Paralysed by Grinder for 3 turns
  4313 | D:3      | Paralysed by Grinder for 2 turns
  4318 | D:3      | Paralysed by Grinder for 5 turns
  4347 | D:3      | Killed Grinder
  4348 | D:3      | Reached skill level 6 in Fighting
  4348 | D:3      | Reached skill level 5 in Dodging
  4348 | D:3      | Your scales start taking on a fiery red colour.
  4348 | D:3      | Reached XP level 7. HP: 44/63 MP: 7/7
  4348 | D:3      | Gained mutation: Your flesh is heat resistant. (rF+) [Red
                  | Draconian growth]
  4753 | D:3      | Killed promet's ghost
  4947 | D:4      | Found Zyihib's Armour Boutique.
  5317 | D:4      | Found a basalt altar of Yredelemnul.
  5364 | D:4      | Found a broken altar of Ashenzari.
  5608 | D:4      | Noticed Natasha
  5615 | D:4      | Killed Natasha
  5685 | D:4      | Noticed Natasha
  5693 | D:4      | Killed Natasha
  5693 | D:4      | Reached *** piety under Trog
  5787 | D:4      | Found a white marble altar of Elyvilon.
  5917 | D:4      | Identified the +1 ring mail of the Lost Stars {+Blink
                  | Int+3}
  6220 | D:4      | Bought a +1 pair of gloves of infusion for 214 gold pieces
  6244 | D:5      | Entered Level 5 of the Dungeon
  6250 | D:5      | Reached XP level 8. HP: 58/71 MP: 5/8
  6461 | D:5      | Reached skill level 7 in Fighting
  6530 | D:5      | Reached skill level 1 in Maces & Flails
  6914 | D:5      | Found Paweoz's General Store.
  6974 | D:4      | Noticed Natasha
  6976 | D:4      | Killed Natasha
  7063 | D:1      | Bought a +0 vorpal halberd for 112 gold pieces
  7255 | D:5      | Reached skill level 8 in Fighting
  7331 | D:5      | Identified the +6 quarterstaff of Jecoqut {vamp, Dex+8}
  7508 | D:6      | Found a staircase to the Ecumenical Temple.
  7619 | D:6      | Reached skill level 1 in Staves
  7727 | D:6      | Identified the amulet "Icsy" {Reflect rPois rCorr Dex-4
                  | SH+5}
  7767 | D:6      | Reached **** piety under Trog
  7919 | D:6      | Identified the +1 pair of gloves of the Carved Cockroach
                  | {rN+ Slay+4}
  8112 | D:6      | Identified the +0 ring mail of Dishonesty {Will+++ Str-2
                  | Int+7}
  8233 | D:6      | Reached XP level 9. HP: 82/82 MP: 9/9
  8533 | D:6      | Reached skill level 9 in Fighting
  8899 | D:7      | Found a blossoming altar of Fedhas.
  8960 | D:7      | Reached skill level 10 in Fighting
  9300 | D:8      | Noticed Grum
  9312 | D:8      | Killed Grum
  9407 | D:8      | Reached XP level 10. HP: 82/94 MP: 7/10
  9409 | D:8      | Reached skill level 11 in Fighting
  9451 | D:8      | Noticed an elephant
  9458 | D:8      | Killed an elephant
  9459 | D:8      | Reached skill level 5 in Staves
  9477 | D:8      | Noticed Maurice
  9488 | D:8      | Killed Maurice
  9531 | D:8      | Noticed an elephant
  9534 | D:8      | Noticed an elephant
  9546 | D:8      | Killed an elephant
  9546 | D:8      | Noticed an elephant
  9547 | D:8      | Reached skill level 12 in Fighting
  9550 | D:8      | Killed an elephant
  9555 | D:8      | Killed an elephant
  9609 | D:8      | Noticed a red ugly thing
  9616 | D:8      | Killed a red ugly thing
  9739 | D:8      | Noticed Prince Ribbit
  9749 | D:8      | Killed Prince Ribbit
  9809 | D:8      | Identified the +2 long sword "Beetleslayer" {vorpal, rPois
                  | rCorr}
  9841 | D:8      | Noticed Erica
  9856 | D:8      | Killed Erica
  9857 | D:8      | Reached skill level 13 in Fighting
  9857 | D:8      | Reached XP level 11. HP: 63/107 MP: 3/11
 10047 | D:8      | Found a staircase to the Lair.
 10054 | D:8      | Identified the +3 trident of Insufficient Pleasure {venom,
                  | Fly MP+9}
 11021 | D:9      | Identified the +1 pair of gloves of the Eagle {rElec rC+++
                  | MP-9 Dex+5}
 11497 | D:10     | Entered Level 10 of the Dungeon
 11616 | D:10     | Reached ***** piety under Trog
 11637 | D:10     | Noticed a two-headed ogre
 11646 | D:10     | Killed a two-headed ogre
 11796 | D:10     | Found a burning altar of Makhleb.
 11809 | D:10     | Found a staircase to the Orcish Mines.
 11953 | D:10     | Found a shimmering altar of Xom.
 13076 | D:11     | Found Nuimog's General Store.
 13085 | D:11     | Bought a scroll of identify for 32 gold pieces
 13230 | D:11     | Reached skill level 10 in Dodging
 13230 | D:11     | Reached skill level 1 in Evocations
 13340 | D:11     | Found a large runed translucent door.
 13341 | D:11     | Found a large runed translucent door.
 13345 | D:11     | Noticed mkat's ghost (novice PaAK)
 13557 | D:11     | Noticed a six-headed hydra
 13566 | D:11     | Killed a six-headed hydra
 13654 | D:11     | Killed mkat's ghost
 13711 | D:12     | Reached XP level 12. HP: 101/115 MP: 10/12
 14153 | D:12     | Noticed a boulder beetle
 14175 | D:12     | Killed a boulder beetle
 14734 | D:12     | Found a glowing golden altar of the Shining One.
 14867 | D:13     | Reached skill level 10 in Staves
 14942 | D:13     | Noticed a centaur warrior
 14950 | D:13     | Killed a centaur warrior
 15149 | D:13     | Noticed a centaur warrior
 15159 | D:13     | Killed a centaur warrior
 15207 | D:13     | Reached skill level 14 in Fighting
 15207 | D:13     | You fall into a shaft and drop 2 floors!
 15207 | D:15     | Entered Level 15 of the Dungeon
 15308 | D:14     | Noticed a centaur warrior
 15325 | D:14     | Killed a centaur warrior
 15347 | D:14     | Noticed Azrael
 15358 | D:14     | Noticed a boulder beetle
 15555 | D:14     | Killed Azrael
 15560 | D:14     | Reached skill level 5 in Evocations
 15860 | D:14     | Noticed Louise
 15870 | D:14     | Killed Louise
 15892 | D:14     | Noticed Frances
 15914 | D:14     | Killed Frances
 15915 | D:14     | Reached XP level 13. HP: 90/125 MP: 13/13
 16099 | D:14     | Found Asimnu's Firing Range.
 16100 | D:14     | Noticed Josephine
 16110 | D:14     | Killed Josephine
 16792 | D:14     | Found a broken altar of Ashenzari.
 17374 | D:13     | Found Nidasu Mumn's Serpentskin Sales.
 17753 | D:13     | Reached skill level 15 in Fighting
 17763 | D:13     | Noticed Snorg
 17773 | D:13     | Killed Snorg
 17799 | D:13     | Found a gate to the Vaults.
 18620 | D:15     | Found a staircase to the Depths.
 18648 | D:15     | HP: 3/190 [skeletal warrior/+0 trident (13)]
 18649 | D:15     | Killed from afar by a necromancer

Illustrated notes

Levels and vault maps discovered:
D:1:      erik_arrival_blinker_ship, layout_basic,
          chequers_ecumenical_altar_twisty, serial_shops, shop_statue
D:2:      layout_basic, basic_altar, minmay_domino_4
D:3:      layout_basic, jmf_multi_god_temple, cheibrodos_sewer_entry_bend,
          gammafunk_ghost_split, uniq_grinder
D:4:      layout_basic, mainiacjoe_overflow_surrounded_room,
          kennysheep_ying_yang, serial_shops, kennysheep_mini_moat, uniq_natasha
D:5:      layout_rooms, serial_rivers, chequers_serial_rivers_room_b,
          chequers_serial_rivers_marsh, chequers_serial_rivers_micro_e,
          chequers_serial_rivers_room_b, chequers_serial_rivers_micro_d,
          chequers_serial_rivers_large_a, serial_shops, nicolae_diamond_shop
D:6:      layout_basic, temple_doors_e, hangedman_decor_points,
          dk_noncrumbling_2, amcnicky_mini_rare_corridor_liquid, sigmund_army
D:7:      kennysheep_big_flooded_room, layout_rooms, mainiacjoe_overflow_catwalk
D:8:      wad_woods_tower, layout_basic, kennysheep_generic_room_15,
          uniq_prince_ribbit1, uniq_grum, uniq_erica, uniq_maurice
D:9:      layout_loops_corners, reono_crystal_passage
D:10:     layout_stronghold, dk_xom_monty_hall,
          mainiacjoe_overflow_six_doors_small, minmay_orc_entry_guard_dogs
D:11:     layout_cave_pools, serial_glass, glass_columns_a, glass_columns_a,
          serial_shops, shop, ebering_ghost_disaster_area
D:12:     layout_irregular_city, nicolae_tso_swordbearing_angel
D:13:     layout_basic, erik_vaults_2, gauntlet_entry_generic,
          guppyfry_shop_venom, uniq_snorg
D:14:     layout_roguey, cheibrodos_ashenzari_chains, grunt_ministairs_2,
          st_stairs_8, nicolae_shop_firing_range, uniq_frances, uniq_azrael,
          uniq_louise, uniq_josephine
D:15:     gammafunk_depths_entry_grave, layout_gridville,
          nicolae_gozag_cash_rules_everything_around_me

Skill      XL: |  1  2  3  4  5  6  7  8  9 10 11 12 13 |
---------------+----------------------------------------+-----
Dodging        | 3 4 5 6 7 8 10 11 | 11.9
Fighting       | 4 5 6 8 10 13 14 15 | 15.3
Axes           | 4 5 6 |  6.0
Maces & Flails | 2 |  2.1
Staves         | 2 4 6 9 11 13 | 13.2
Evocations     | 2 5 6 |  6.6
Polearms       | |  0.9
Stealth        | |  0.1

Action                   |  1- 3 |  4- 6 |  7- 9 | 10-12 | 13-15 || total
-------------------------+-------+-------+-------+-------+-------++-------
Melee: Hand axe          |   135 |   210 |    72 |       |       ||   417
       Tailslap          |    13 |    14 |    40 |    80 |    55 ||   202
       Punch             |       |     4 |     1 |       |       ||     5
       Mace              |       |       |    38 |       |       ||    38
       Quarterstaff      |       |       |   135 |   505 |   214 ||   854
       Halberd           |       |       |    14 |       |       ||    14
       Rapier            |       |       |     3 |       |       ||     3
Throw: Dart              |       |       |       |    39 |     3 ||    42
       Throwing net      |       |       |       |     1 |       ||     1
       Boomerang         |       |       |       |     1 |       ||     1
Invok: Berserk           |       |     4 |     6 |    12 |     4 ||    26
       Trog's Hand       |       |     1 |     2 |     2 |       ||     5
       Brothers in Arms  |       |       |       |     4 |     2 ||     6
 Abil: Breathe Fire      |       |       |    12 |    17 |     8 ||    37
  Use: Scroll            |     1 |       |    11 |     6 |     3 ||    21
       Potion            |       |     1 |       |       |       ||     1
 Stab: Sleeping          |       |       |     6 |     1 |       ||     7
       Distracted        |       |       |       |     1 |       ||     1
Armor: Skin              |    33 |    37 |    78 |   152 |    71 ||   371
Dodge: Dodged            |    78 |   120 |   234 |   439 |   160 ||  1031
Block: Other             |       |       |       |    28 |    42 ||    70
       Reflection        |       |       |       |     4 |     1 ||     5
